General information
- name: BNet
- type: Ladder team game (AT/RT)
- host: Battle.net
- saver: GOKU-PWNSNARUTO
map: DragonFalls
- players: 8
- length: 65:21
- speed: Fast
- version: 1.26 W3XP
- replay type: Public
» download(331 KB)
Players
team 1 (loser)
youdontsay (
green | 42 APM | 2592 actions | 62:16)
5 Death Knight
3 Death Coil
2 Death Pact
4 Lich
2 Frost Nova
2 Dark Ritual
» actions
| Assign group hotkey | 36 | |
| Basic commands | 312 | |
| Build / train | 68 | |
| ESC pressed | 5 | |
| Enter build submenu | 37 | |
| Enter hero's abilities submenu | 9 | |
| Give item / drop item | 3 | |
| Right click | 1287 | |
| Select / deselect | 421 | |
| Select group hotkey | 280 | |
| Use ability | 134 | |
2592 total
» units
| Acolyte | 10 | |
| Ghoul | 11 | |
| Crypt Fiend | 8 | |
| Frost Wyrm | 11 | |
40 total
» upgrades
| Creature Attack | 2 | |
| Burrow | 1 | |
| Web | 1 | |
4 total
» buildings
| Crypt | 2 | |
| Graveyard | 1 | |
| Altar of Darkness | 3 | |
| Ziggurat | 11 | |
| Tomb of Relics | 1 | |
| Halls of the Dead | 2 | |
| Necropolis | 5 | |
| Black Citadel | 1 | |
| Sacrificial Pit | 1 | |
| Spirit Tower | 1 | |
| Boneyard | 2 | |
| Nerubian Tower | 2 | |
32 total
» build order
00:12 Crypt
00:16 Graveyard
00:34 Altar of Darkness
00:54 Ziggurat
01:51 Tomb of Relics
02:28 Ziggurat
05:18 Halls of the Dead
05:30 Necropolis
07:00 Ziggurat
07:01 Ziggurat
08:31 Black Citadel
08:35 Sacrificial Pit
09:22 Ziggurat
09:42 Spirit Tower
11:04 Boneyard
11:06 Boneyard
14:25 Halls of the Dead
15:44 Ziggurat
15:47 Ziggurat
21:07 Altar of Darkness
22:35 Necropolis
28:32 Ziggurat
28:54 Ziggurat
29:25 Nerubian Tower
30:06 Nerubian Tower
30:37 Necropolis
32:21 Necropolis
33:10 Necropolis
35:05 Crypt
35:10 Ziggurat
37:51 Ziggurat
40:07 Altar of Darkness
» items
| Rod of Necromancy | 2 | |
| Potion of Healing | 1 | |
| Scroll of Town Portal | 1 | |
| Staff of Teleportation | 2 | |
6 total
mikevick7 (
pink | 41 APM | 2657 actions | 65:19)
6 Paladin
3 Divine Shield
2 Holy Light
1 Resurrection
» actions
| Assign group hotkey | 11 | |
| Basic commands | 2 | |
| Build / train | 83 | |
| Enter build submenu | 30 | |
| Enter hero's abilities submenu | 7 | |
| Give item / drop item | 5 | |
| Remove unit from queue | 3 | |
| Right click | 1197 | |
| Select / deselect | 579 | |
| Select group hotkey | 642 | |
| Use ability | 98 | |
2657 total
» units
| Peasant | 17 | |
| Footman | 8 | |
| Gryphon Rider | 22 | |
47 total
» upgrades
| Swords | 1 | |
| Lumber Harvesting | 1 | |
| Plating | 1 | |
| Storm Hammers | 1 | |
| Masonry | 1 | |
5 total
» buildings
| Barracks | 1 | |
| Altar of Kings | 1 | |
| Farm | 12 | |
| Town Hall | 1 | |
| Keep | 1 | |
| Lumber Mill | 3 | |
| Blacksmith | 1 | |
| Scout Tower | 35 | |
| Guard Tower | 10 | |
| Castle | 1 | |
| Gryphon Aviary | 5 | |
| Arcane Vault | 2 | |
73 total
» build order
00:31 Barracks
00:37 Altar of Kings
00:53 Farm
01:07 Farm
01:50 Farm
02:23 Farm
06:27 Town Hall
07:15 Keep
07:20 Lumber Mill
07:24 Blacksmith
07:33 Scout Tower
07:33 Scout Tower
07:34 Scout Tower
07:36 Scout Tower
08:27 Scout Tower
08:34 Scout Tower
08:35 Scout Tower
08:36 Scout Tower
08:44 Guard Tower
09:01 Guard Tower
09:03 Guard Tower
09:22 Farm
09:22 Farm
09:23 Farm
09:23 Farm
09:25 Farm
09:25 Farm
09:25 Farm
09:27 Farm
09:29 Guard Tower
10:00 Castle
10:05 Gryphon Aviary
10:07 Gryphon Aviary
10:43 Gryphon Aviary
10:45 Gryphon Aviary
12:12 Gryphon Aviary
12:17 Arcane Vault
18:02 Lumber Mill
29:49 Arcane Vault
29:56 Lumber Mill
30:00 Scout Tower
30:01 Scout Tower
30:02 Scout Tower
30:04 Scout Tower
30:04 Scout Tower
30:05 Scout Tower
30:07 Scout Tower
30:08 Scout Tower
30:08 Scout Tower
30:09 Scout Tower
30:11 Scout Tower
30:11 Scout Tower
30:12 Scout Tower
30:13 Scout Tower
30:14 Scout Tower
30:15 Scout Tower
30:17 Scout Tower
30:18 Scout Tower
30:22 Scout Tower
30:26 Scout Tower
30:27 Scout Tower
30:28 Scout Tower
30:30 Scout Tower
31:07 Guard Tower
31:23 Guard Tower
31:28 Guard Tower
32:19 Guard Tower
33:07 Scout Tower
33:08 Scout Tower
33:12 Scout Tower
33:14 Scout Tower
33:51 Guard Tower
34:55 Guard Tower
» items
| Scroll of Regeneration | 5 | |
| Scroll of Town Portal | 1 | |
| Boots of Speed | 1 | |
| Staff of Teleportation | 1 | |
8 total
tomha (
orange | 30 APM | 1881 actions | 61:41)
5 Priestess of the Moon
3 Searing Arrows
1 Trueshot Aura
1 Scout
3 Keeper of the Grove
1 Entangling Roots
2 Force of Nature
3 Dark Ranger
1 Life Drain
1 Silence
1 Black Arrow
» actions
| Assign group hotkey | 44 | |
| Build / train | 79 | |
| Enter build submenu | 53 | |
| Enter hero's abilities submenu | 11 | |
| Give item / drop item | 9 | |
| Right click | 895 | |
| Select / deselect | 599 | |
| Select group hotkey | 27 | |
| Use ability | 164 | |
1881 total
» units
| Wisp | 25 | |
| Huntress | 2 | |
| Dryad | 22 | |
| Goblin Shredder | 2 | |
| Chimaera | 3 | |
| Goblin Zeppelin | 1 | |
55 total
» upgrades
| Abolish Magic | 1 | |
| Corrosive Breath | 1 | |
2 total
» buildings
| Moon Well | 16 | |
| Altar of Elders | 3 | |
| Ancient of War | 1 | |
| Tree of Life | 6 | |
| Tree of Ages | 1 | |
| Hunter's Hall | 2 | |
| Ancient of Wonders | 1 | |
| Ancient Protector | 13 | |
| Tree of Eternity | 1 | |
| Ancient of Lore | 2 | |
| Ancient of Wind | 1 | |
| Chimaera Roost | 2 | |
49 total
» build order
00:23 Moon Well
00:37 Altar of Elders
00:56 Ancient of War
01:59 Moon Well
03:26 Tree of Life
03:59 Moon Well
04:26 Tree of Ages
04:44 Hunter's Hall
05:12 Moon Well
05:17 Ancient of Wonders
05:21 Moon Well
05:24 Moon Well
05:29 Moon Well
06:11 Ancient Protector
06:15 Ancient Protector
06:26 Ancient Protector
07:11 Tree of Eternity
07:50 Ancient of Lore
07:56 Ancient of Lore
08:10 Moon Well
11:30 Moon Well
12:31 Ancient of Wind
15:16 Ancient Protector
15:20 Ancient Protector
15:23 Ancient Protector
16:08 Ancient Protector
17:48 Chimaera Roost
19:01 Chimaera Roost
21:29 Ancient Protector
21:36 Ancient Protector
22:41 Ancient Protector
22:58 Ancient Protector
23:02 Ancient Protector
23:10 Ancient Protector
24:49 Tree of Life
26:42 Tree of Life
27:06 Tree of Life
27:30 Moon Well
27:49 Moon Well
27:52 Moon Well
27:54 Altar of Elders
28:11 Hunter's Hall
29:23 Tree of Life
29:57 Altar of Elders
30:06 Moon Well
32:15 Moon Well
32:19 Moon Well
35:20 Moon Well
46:20 Tree of Life
» items
| Scroll of Town Portal | 2 | |
| Scroll of Healing | 1 | |
| Healing Salve | 2 | |
| Lesser Clarity Potion | 1 | |
6 total

»
Soldat (
purple | 32 APM | 2044 actions | 63:03)
2 Tauren Chieftain
1 War Stomp
1 Endurance Aura
2 Blademaster
1 Wind Walk
1 Critical Strike
» actions
| Basic commands | 2 | |
| Build / train | 138 | |
| Enter build submenu | 55 | |
| Enter hero's abilities submenu | 4 | |
| Remove unit from queue | 10 | |
| Right click | 1203 | |
| Select / deselect | 470 | |
| Use ability | 161 | |
2044 total
» units
| Peon | 31 | |
| Grunt | 10 | |
| Shaman | 7 | |
| Tauren | 7 | |
| Raider | 27 | |
| Wind Rider | 8 | |
| Goblin Zeppelin | 1 | |
| Troll Batrider | 2 | |
93 total
» upgrades
| Pillage | 1 | |
| Melee Weapons | 3 | |
| Armor | 3 | |
| Spiked Barricades | 3 | |
| Berserker Strength | 1 | |
| Shaman Training | 2 | |
| Reinforced Defenses | 1 | |
| Pulverize | 1 | |
| Ensnare | 1 | |
| Envenomed Spears | 1 | |
| Ranged Weapons | 2 | |
19 total
» buildings
| Orc Burrow | 23 | |
| Altar of Storms | 2 | |
| Barracks | 1 | |
| War Mill | 2 | |
| Stronghold | 3 | |
| Watch Tower | 57 | |
| Great Hall | 3 | |
| Fortress | 4 | |
| Spirit Lodge | 1 | |
| Tauren Totem | 1 | |
| Beastiary | 2 | |
| Voodoo Lounge | 2 | |
101 total
» build order
00:17 Orc Burrow
00:25 Altar of Storms
00:51 Barracks
01:43 War Mill
01:52 Orc Burrow
02:20 Orc Burrow
04:00 Stronghold
04:46 Orc Burrow
05:03 Watch Tower
05:41 Great Hall
06:33 Fortress
07:37 Spirit Lodge
08:15 Watch Tower
08:16 Watch Tower
10:14 Tauren Totem
11:04 Watch Tower
11:06 Watch Tower
12:24 Orc Burrow
12:28 Orc Burrow
12:32 Orc Burrow
13:33 Beastiary
13:39 Orc Burrow
13:58 Watch Tower
14:02 Watch Tower
14:03 Watch Tower
14:06 Watch Tower
14:41 Watch Tower
14:41 Watch Tower
14:42 Watch Tower
14:43 Watch Tower
14:44 Watch Tower
14:45 Watch Tower
14:56 Watch Tower
14:58 Watch Tower
15:14 Watch Tower
15:22 Watch Tower
15:22 Watch Tower
15:24 Watch Tower
15:37 Voodoo Lounge
19:17 Watch Tower
19:18 Watch Tower
19:20 Watch Tower
19:20 Watch Tower
19:21 Watch Tower
19:22 Watch Tower
20:28 Watch Tower
20:28 Watch Tower
20:29 Watch Tower
20:30 Watch Tower
20:31 Watch Tower
20:31 Watch Tower
20:32 Watch Tower
21:41 Great Hall
21:44 Watch Tower
21:46 Watch Tower
21:51 Watch Tower
21:58 Watch Tower
22:14 Watch Tower
24:08 Watch Tower
24:09 Watch Tower
24:10 Watch Tower
24:11 Watch Tower
24:11 Watch Tower
24:19 Watch Tower
25:40 Watch Tower
25:41 Watch Tower
25:42 Watch Tower
25:42 Watch Tower
25:45 Watch Tower
25:46 Watch Tower
26:05 Beastiary
26:20 Watch Tower
26:22 Watch Tower
26:24 Watch Tower
26:33 Watch Tower
27:05 Stronghold
28:20 War Mill
29:35 Altar of Storms
31:02 Watch Tower
31:03 Watch Tower
31:04 Orc Burrow
31:05 Orc Burrow
31:06 Orc Burrow
31:09 Orc Burrow
31:11 Orc Burrow
31:11 Orc Burrow
31:43 Fortress
31:43 Fortress
31:44 Fortress
34:18 Orc Burrow
34:21 Orc Burrow
34:22 Orc Burrow
34:23 Orc Burrow
34:28 Orc Burrow
44:27 Great Hall
48:00 Orc Burrow
48:01 Orc Burrow
48:02 Orc Burrow
48:03 Orc Burrow
56:45 Voodoo Lounge
» items
| Scroll of Regeneration | 1 | |
| Lesser Clarity Potion | 1 | |
2 total
team 2 (winner)
WhosGotTheMota (
yellow | 35 APM | 1578 actions | 44:42)
6 Archmage
1 Blizzard
2 Summon Water Elemental
2 Brilliance Aura
1 Mass Teleport
» actions
| Basic commands | 5 | |
| Build / train | 153 | |
| Enter build submenu | 63 | |
| Enter hero's abilities submenu | 6 | |
| Remove unit from queue | 1 | |
| Right click | 624 | |
| Select / deselect | 610 | |
| Use ability | 116 | |
1578 total
» units
| Peasant | 34 | |
| Footman | 10 | |
| Goblin Shredder | 4 | |
| Mortar Team | 17 | |
| Sorceress | 4 | |
| Siege Engine | 10 | |
| Priest | 6 | |
| Knight | 7 | |
| Rifleman | 8 | |
100 total
» upgrades
| Gunpowder | 3 | |
| Armor | 2 | |
| Lumber Harvesting | 2 | |
| Masonry | 3 | |
| Sorceress Training | 3 | |
| Flare | 1 | |
| Priest Training | 2 | |
| Fragmentation Shards | 1 | |
| Barrage | 1 | |
| Plating | 3 | |
| Swords | 3 | |
| Magic Sentry | 1 | |
| Control Magic | 1 | |
26 total
» buildings
| Altar of Kings | 1 | |
| Farm | 9 | |
| Barracks | 1 | |
| Town Hall | 6 | |
| Keep | 3 | |
| Blacksmith | 1 | |
| Lumber Mill | 1 | |
| Arcane Sanctum | 1 | |
| Workshop | 4 | |
| Castle | 1 | |
| Arcane Vault | 1 | |
| Scout Tower | 31 | |
| Guard Tower | 12 | |
72 total
» build order
00:29 Altar of Kings
00:42 Farm
00:59 Barracks
01:24 Farm
01:52 Farm
02:12 Farm
02:39 Farm
03:11 Farm
03:19 Farm
03:26 Farm
04:24 Town Hall
05:38 Keep
07:02 Blacksmith
07:30 Lumber Mill
08:03 Arcane Sanctum
08:07 Workshop
08:12 Workshop
08:26 Farm
08:44 Castle
09:58 Arcane Vault
14:56 Town Hall
22:48 Town Hall
24:09 Town Hall
25:47 Scout Tower
25:49 Scout Tower
26:18 Guard Tower
26:23 Scout Tower
26:31 Scout Tower
26:44 Guard Tower
27:02 Guard Tower
27:05 Scout Tower
27:59 Scout Tower
28:04 Scout Tower
28:05 Scout Tower
28:07 Scout Tower
28:09 Scout Tower
28:14 Scout Tower
28:16 Scout Tower
29:09 Guard Tower
29:11 Scout Tower
29:13 Scout Tower
29:14 Scout Tower
29:18 Guard Tower
29:20 Scout Tower
29:22 Scout Tower
29:24 Scout Tower
29:25 Scout Tower
29:27 Scout Tower
30:18 Guard Tower
30:24 Guard Tower
35:57 Scout Tower
35:59 Scout Tower
36:01 Scout Tower
37:49 Guard Tower
38:06 Scout Tower
38:08 Scout Tower
39:13 Scout Tower
39:31 Guard Tower
39:34 Scout Tower
39:36 Scout Tower
39:47 Scout Tower
39:48 Guard Tower
40:18 Guard Tower
40:45 Keep
40:52 Scout Tower
41:02 Town Hall
41:24 Town Hall
41:27 Guard Tower
43:54 Workshop
43:57 Workshop
44:02 Scout Tower
44:15 Keep
» items
| Scroll of Town Portal | 2 | |
| Potion of Healing | 1 | |
3 total

»
knottaiphkay (
blue | 33 APM | 1722 actions | 52:02)
8 Paladin
1 Holy Light
3 Divine Shield
3 Devotion Aura
1 Resurrection
6 Mountain King
3 Bash
2 Storm Bolt
1 Avatar
» actions
| Assign group hotkey | 45 | |
| Basic commands | 403 | |
| Build / train | 122 | |
| Enter build submenu | 34 | |
| Enter hero's abilities submenu | 14 | |
| Right click | 202 | |
| Select / deselect | 439 | |
| Select group hotkey | 352 | |
| Use ability | 111 | |
1722 total
» units
| Peasant | 17 | |
| Footman | 5 | |
| Rifleman | 20 | |
| Priest | 17 | |
| Spell Breaker | 10 | |
69 total
» upgrades
| Masonry | 3 | |
| Gunpowder | 3 | |
| Lumber Harvesting | 2 | |
| Long Rifles | 1 | |
| Armor | 1 | |
| Priest Training | 2 | |
| Magic Sentry | 1 | |
| Plating | 2 | |
| Swords | 3 | |
18 total
» buildings
| Altar of Kings | 1 | |
| Farm | 11 | |
| Barracks | 1 | |
| Lumber Mill | 2 | |
| Arcane Vault | 3 | |
| Scout Tower | 9 | |
| Arcane Tower | 2 | |
| Blacksmith | 1 | |
| Guard Tower | 7 | |
| Keep | 1 | |
| Castle | 1 | |
| Arcane Sanctum | 2 | |
| Town Hall | 4 | |
45 total
» build order
00:24 Altar of Kings
00:39 Farm
01:01 Barracks
01:27 Farm
01:39 Lumber Mill
02:08 Arcane Vault
02:31 Farm
03:23 Scout Tower
03:56 Arcane Tower
04:00 Scout Tower
04:08 Blacksmith
04:45 Guard Tower
04:49 Scout Tower
04:53 Keep
05:21 Guard Tower
06:40 Scout Tower
07:00 Farm
07:11 Guard Tower
07:38 Farm
07:53 Castle
08:38 Arcane Sanctum
09:12 Arcane Sanctum
10:05 Scout Tower
10:41 Arcane Tower
10:57 Farm
14:18 Farm
18:37 Farm
19:03 Town Hall
19:20 Farm
20:05 Scout Tower
21:23 Guard Tower
21:28 Arcane Vault
21:49 Farm
23:17 Scout Tower
23:28 Scout Tower
24:07 Guard Tower
24:29 Town Hall
24:38 Guard Tower
26:27 Lumber Mill
30:59 Scout Tower
31:12 Town Hall
32:04 Guard Tower
32:41 Arcane Vault
33:24 Farm
46:55 Town Hall
» items
| Scroll of Town Portal | 3 | |
| Orb of Fire | 2 | |
| Potion of Lesser Invulnerability | 1 | |
6 total
GOKU-PWNSNARUTO (
teal | 60 APM | 3893 actions | 65:21)
10 Archmage
3 Summon Water Elemental
3 Brilliance Aura
1 Mass Teleport
3 Blizzard
1 Paladin
1 Holy Light
1 Mountain King
1 Thunder Clap
» actions
| Assign group hotkey | 58 | |
| Basic commands | 130 | |
| Build / train | 102 | |
| Enter build submenu | 30 | |
| Enter hero's abilities submenu | 16 | |
| Give item / drop item | 2 | |
| Right click | 1586 | |
| Select / deselect | 423 | |
| Select group hotkey | 1324 | |
| Use ability | 222 | |
3893 total
» units
| Peasant | 20 | |
| Goblin Shredder | 1 | |
| Gryphon Rider | 10 | |
| Knight | 2 | |
| Mortar Team | 8 | |
| Priest | 3 | |
44 total
» upgrades
| Masonry | 3 | |
| Lumber Harvesting | 1 | |
| Swords | 3 | |
| Armor | 3 | |
| Animal War Training | 1 | |
| Storm Hammers | 1 | |
| Cloud | 1 | |
| Plating | 1 | |
14 total
» buildings
| Altar of Kings | 3 | |
| Farm | 31 | |
| Lumber Mill | 3 | |
| Town Hall | 3 | |
| Scout Tower | 4 | |
| Keep | 3 | |
| Guard Tower | 4 | |
| Blacksmith | 1 | |
| Castle | 5 | |
| Gryphon Aviary | 6 | |
| Barracks | 1 | |
| Arcane Vault | 2 | |
66 total
» build order
00:25 Altar of Kings
00:36 Farm
00:54 Lumber Mill
01:38 Farm
02:20 Farm
03:35 Town Hall
03:38 Scout Tower
03:38 Scout Tower
03:38 Scout Tower
03:40 Scout Tower
04:40 Keep
04:55 Guard Tower
05:20 Guard Tower
07:03 Blacksmith
07:08 Castle
07:12 Gryphon Aviary
07:21 Gryphon Aviary
07:37 Gryphon Aviary
07:43 Farm
07:44 Farm
07:44 Farm
07:45 Farm
07:46 Farm
07:47 Farm
07:48 Farm
07:49 Farm
08:27 Farm
08:28 Farm
08:56 Lumber Mill
09:31 Lumber Mill
11:29 Guard Tower
11:29 Guard Tower
14:13 Barracks
14:19 Town Hall
16:14 Arcane Vault
24:43 Keep
28:14 Altar of Kings
28:43 Gryphon Aviary
28:44 Gryphon Aviary
28:44 Gryphon Aviary
29:19 Farm
29:19 Farm
29:20 Farm
29:20 Farm
30:10 Castle
30:10 Castle
31:01 Farm
31:15 Farm
31:16 Farm
31:16 Farm
31:17 Farm
31:18 Farm
31:18 Farm
31:19 Farm
32:30 Farm
32:31 Farm
37:39 Farm
41:49 Town Hall
43:54 Keep
45:46 Altar of Kings
46:50 Castle
47:04 Farm
47:14 Castle
53:10 Arcane Vault
» items
| Scroll of Town Portal | 5 | |
| Staff of Teleportation | 1 | |
| Potion of Lesser Invulnerability | 1 | |
| Ivory Tower | 1 | |
| Scroll of Healing | 2 | |
| Staff of Sanctuary | 1 | |
| Scroll of Regeneration | 1 | |
| Lesser Clarity Potion | 1 | |
| Potion of Healing | 1 | |
| Orb of Fire | 1 | |
15 total

»
n3w_n4me (
red | 37 APM | 476 actions | 12:58)
3 Archmage
2 Summon Water Elemental
1 Brilliance Aura
1 Paladin
1 Holy Light
» actions
| Assign group hotkey | 12 | |
| Basic commands | 10 | |
| Build / train | 37 | |
| Enter build submenu | 19 | |
| Enter hero's abilities submenu | 4 | |
| Remove unit from queue | 1 | |
| Right click | 161 | |
| Select / deselect | 154 | |
| Select group hotkey | 26 | |
| Use ability | 52 | |
476 total
» units
» upgrades
» buildings
| Altar of Kings | 1 | |
| Farm | 9 | |
| Barracks | 1 | |
| Town Hall | 1 | |
| Scout Tower | 3 | |
| Arcane Vault | 2 | |
| Arcane Tower | 2 | |
| Keep | 1 | |
| Lumber Mill | 1 | |
| Blacksmith | 1 | |
| Guard Tower | 1 | |
23 total
» build order
00:13 Altar of Kings
00:16 Farm
00:20 Barracks
00:59 Farm
01:44 Farm
02:29 Farm
04:58 Town Hall
05:08 Farm
05:10 Scout Tower
05:18 Arcane Vault
06:08 Arcane Tower
06:11 Keep
06:18 Farm
06:52 Lumber Mill
06:54 Blacksmith
07:30 Scout Tower
07:45 Farm
08:14 Scout Tower
08:16 Arcane Tower
09:26 Guard Tower
09:38 Farm
09:43 Arcane Vault
11:18 Farm
Chat log
(00:56 / Allies) knottaiphkay: hello fellow humans
(01:03 / Allies) WhosGotTheMota: hey
(01:14 / Allies) WhosGotTheMota: we foot rushing
(01:17 / Allies) WhosGotTheMota: ?
(01:17 / Allies) knottaiphkay: k
(01:18 / Allies) GOKU-PWNSNARUTO: i apologize in advance
(01:23 / Allies) GOKU-PWNSNARUTO: i have unfinished businss with red
(01:44 / Allies) WhosGotTheMota: so....?
(01:53 / Allies) knottaiphkay: all want to rush??
(01:59 / Allies) WhosGotTheMota: teal?
(02:03 / Allies) GOKU-PWNSNARUTO: cc
(02:08 / Allies) WhosGotTheMota: y?
(02:23 / Allies) WhosGotTheMota: i dont think he like u red
(03:07 / Allies) WhosGotTheMota: k i am geting mortars and tanks
(03:47 / Allies) GOKU-PWNSNARUTO: wood
(05:18 / Allies) WhosGotTheMota: wood plz
(05:25 / Allies) n3w_n4me: go away teal
(05:33 / Allies) GOKU-PWNSNARUTO: im creeping this
(05:34 / Allies) GOKU-PWNSNARUTO: u get lost
(05:37 / Allies) n3w_n4me: go harass or some shit
(05:42 / Allies) n3w_n4me: no your not fucker
(05:43 / Allies) GOKU-PWNSNARUTO: ok
(05:44 / Allies) WhosGotTheMota: can we play as a team
(10:58 / Allies) GOKU-PWNSNARUTO: giv eme the item back
(10:58 / Allies) GOKU-PWNSNARUTO: red
(11:13 / Allies) n3w_n4me: nah ill just tk now
(11:17 / Allies) GOKU-PWNSNARUTO: im on a new account
(11:21 / Allies) GOKU-PWNSNARUTO: i dont care lawl
(11:24 / Allies) GOKU-PWNSNARUTO: u coudlnt beat me if u wanted to
(11:31 / Allies) n3w_n4me: i can make us both lose idiot
(11:36 / Allies) n3w_n4me: good enough for me
(11:38 / Allies) GOKU-PWNSNARUTO: i dont want to win fool
(11:41 / Allies) GOKU-PWNSNARUTO: im on a new account
(11:46 / Allies) GOKU-PWNSNARUTO: u cant justify me raping u
(11:48 / Allies) GOKU-PWNSNARUTO: which im doing now
(12:10 / Allies) n3w_n4me: anybody can noob tech douched
(12:13 / Allies) GOKU-PWNSNARUTO: just leave
(12:15 / Allies) GOKU-PWNSNARUTO: u got raped lalw
(12:43 / All) n3w_n4me: lol
(12:49 / Allies) GOKU-PWNSNARUTO: u make my job easier red
(12:50 / Allies) GOKU-PWNSNARUTO: thank u
(24:30 / Allies) WhosGotTheMota: bliue
(24:34 / Allies) knottaiphkay: o
(24:58 / Allies) GOKU-PWNSNARUTO: ATTACK idiots wow
(29:27 / All) GOKU-PWNSNARUTO: leave
(29:33 / All) GOKU-PWNSNARUTO: u guys should feel embarassed
(29:36 / All) GOKU-PWNSNARUTO: i backstabbred red
(29:37 / All) GOKU-PWNSNARUTO: as well
(31:56 / Allies) GOKU-PWNSNARUTO: yellow
(32:06 / Allies) GOKU-PWNSNARUTO: be a good buy and send 4 tanks to my base
(32:46 / All) GOKU-PWNSNARUTO: permission to speak?
(32:59 / All) mikevick7: come at me teal
(33:05 / All) GOKU-PWNSNARUTO: i will make u guys an offer
(33:22 / All) mikevick7: waht
(33:24 / All) mikevick7: what
(33:28 / All) GOKU-PWNSNARUTO: i will join ur forces i dont like my team
(33:54 / All) mikevick7: wood ?
(34:07 / All) mikevick7: gold
(34:10 / All) mikevick7: plz
(34:16 / Allies) WhosGotTheMota: teal plz no
(34:21 / All) mikevick7: purple
(34:34 / Allies) knottaiphkay: teal....
(34:39 / All) mikevick7: pur[e;e
(34:40 / All) mikevick7: need gold
(34:44 / All) mikevick7: yeah
(34:52 / All) mikevick7: for towers
(35:02 / Allies) WhosGotTheMota: teal
(35:04 / All) mikevick7: thx
(35:05 / Allies) WhosGotTheMota: y
(35:06 / All) GOKU-PWNSNARUTO: gold yellow
(35:08 / All) GOKU-PWNSNARUTO: an dill stop
(35:31 / Allies) WhosGotTheMota: ?
(35:33 / All) GOKU-PWNSNARUTO: only 1900?
(35:36 / Allies) WhosGotTheMota: lol
(35:39 / All) GOKU-PWNSNARUTO: make blue give me his
(35:42 / All) GOKU-PWNSNARUTO: and i will be on ur team
(35:43 / Allies) knottaiphkay: come yellow
(36:23 / Allies) WhosGotTheMota: teal plz help
(37:19 / Allies) WhosGotTheMota: teal do u get hard when u do this?
(37:24 / All) GOKU-PWNSNARUTO: yes
(37:25 / All) mikevick7: put on repair
(37:25 / All) GOKU-PWNSNARUTO: yellow
(37:27 / All) GOKU-PWNSNARUTO: i do get hard
(37:42 / Allies) WhosGotTheMota: nice then i am happy
(37:54 / All) mikevick7: gold
(38:00 / All) mikevick7: and lumber
(39:42 / All) mikevick7: any day now
(40:13 / All) mikevick7: lmafo
(40:19 / All) GOKU-PWNSNARUTO: what
(40:33 / All) GOKU-PWNSNARUTO: u morons just realized my team has been backstabbing the entire game?
(40:54 / All) Soldat: kill them join us!
(41:02 / All) GOKU-PWNSNARUTO: i am thinking of it
(41:10 / All) Soldat: teal we fight for the same casue
(41:17 / All) GOKU-PWNSNARUTO: finally u speak
(41:21 / All) GOKU-PWNSNARUTO: ok i am on ur team now
(41:25 / All) mikevick7: were really good defended
(41:36 / All) GOKU-PWNSNARUTO: we nee dto kill yellow top left expo
(41:37 / All) GOKU-PWNSNARUTO: ok?
(41:39 / All) GOKU-PWNSNARUTO: he has towers
(42:30 / All) mikevick7: lmfao
(43:21 / All) youdontsay: man i have played in some of the most bizzare game... this is up there on top
(43:40 / All) GOKU-PWNSNARUTO: i played in one of those bizarre games the other day
(43:42 / All) GOKU-PWNSNARUTO: green
(43:43 / All) GOKU-PWNSNARUTO: with u
(44:01 / All) youdontsay: did we win?
(44:03 / All) mikevick7: teal
(44:07 / All) GOKU-PWNSNARUTO: dont remember
(44:15 / All) GOKU-PWNSNARUTO: yes pink
(44:16 / All) mikevick7: how can we trust you ???
(44:25 / All) GOKU-PWNSNARUTO: fool ive been tking the entire game
(44:33 / All) mikevick7: ok.....
(44:40 / Allies) WhosGotTheMota: gg blue
(44:49 / All) GOKU-PWNSNARUTO: u guys honestly should feel ashamed, me and red were killing each other and u guys still nearly lost
(45:29 / All) Soldat: not the greatest game but fun
(45:52 / All) mikevick7: wtf teal
(45:57 / All) mikevick7: we see you
(46:16 / All) Soldat: teal though you were on our side bro?
(46:17 / Allies) knottaiphkay: teal help us win!
(46:42 / Allies) knottaiphkay: golly...
(47:04 / All) mikevick7: stale mate
(47:07 / All) mikevick7: ??????
(47:30 / All) mikevick7: go
(47:59 / All) mikevick7: wow teal
(48:07 / All) GOKU-PWNSNARUTO: im just playing
(48:08 / All) mikevick7: double traitor
(48:58 / All) GOKU-PWNSNARUTO: i wont let u guys lose
(49:00 / All) GOKU-PWNSNARUTO: u hav emy word
(49:15 / All) mikevick7: dude lets go
(49:24 / All) mikevick7: i have school tommaoorw
(49:50 / All) knottaiphkay: i have to go to bed now.
(50:00 / All) mikevick7: go leave bye
(50:06 / Allies) knottaiphkay: its up to you teal
(50:16 / All) mikevick7: b
(50:17 / All) mikevick7: b
(50:39 / All) mikevick7: teal your an asshole
(50:46 / All) GOKU-PWNSNARUTO: red said the same thing
(50:52 / All) GOKU-PWNSNARUTO: i "owed" him for a previous game
(50:53 / All) GOKU-PWNSNARUTO: this month
(50:59 / All) Soldat: teal is just play his own side
(51:06 / All) mikevick7: lol
(51:57 / All) knottaiphkay: gg
(51:58 / All) mikevick7: yeah
(52:01 / All) mikevick7: gg
(52:05 / All) mikevick7: leave
(52:41 / All) mikevick7: arch
(61:28 / All) mikevick7: gg
(61:36 / All) mikevick7: teal you still suck
(61:47 / All) GOKU-PWNSNARUTO: ur chance to win went down the drain
(61:49 / All) GOKU-PWNSNARUTO: when blue left
(61:58 / All) GOKU-PWNSNARUTO: i still kept my word
(62:12 / All) mikevick7: fuck you teal
(62:18 / All) mikevick7: cunt licker
(62:25 / All) GOKU-PWNSNARUTO: i kept my word
(62:59 / All) mikevick7: g
(63:00 / All) mikevick7: g
(63:00 / All) mikevick7: g
(63:01 / All) mikevick7: g
(63:01 / All) mikevick7: ggg
(63:02 / All) mikevick7: g
(63:02 / All) mikevick7: g
(63:03 / All) mikevick7: gg
(63:03 / All) mikevick7: g
(63:04 / All) mikevick7: g
(63:04 / All) mikevick7: g
(63:04 / All) mikevick7: gg
(63:05 / All) mikevick7: g
(63:05 / All) mikevick7: g
(63:06 / All) mikevick7: g
(63:06 / All) mikevick7: g
(63:08 / All) GOKU-PWNSNARUTO: lawl
(63:12 / All) GOKU-PWNSNARUTO: time to leave pink
(63:13 / All) mikevick7: see you teal
(63:27 / All) mikevick7: you fucking ttraitor
(64:17 / All) GOKU-PWNSNARUTO: you disgraced me
(64:19 / All) GOKU-PWNSNARUTO: purple
(64:28 / All) mikevick7: lmfaO
(64:44 / All) mikevick7: FINISH IT TEAL